[Event "Reykjavik Open2015"]
[Site "Harpa"]
[Date "2015.03.11"]
[Round "2.2"]
[White "Navara, David"]
[Black "Nguyen, Thai Dai Van"]
[Result "1-0"]
[ECO "A05"]
[WhiteElo "2736"]
[BlackElo "2338"]
[PlyCount "63"]
[EventDate "2015.??.??"]
[TimeControl "6000+820"]
[WhiteClock "0:50:03"]
[BlackClock "0:06:05"]

1. Nf3 Nf6 2. c4 e6 3. g3 d5 4. Bg2 Be7 5. d4 O-O 6. Qc2 b6 7. cxd5 exd5 8. O-O
Bb7 9. Nc3 Nbd7 10. Rd1 c5 11. dxc5 bxc5 12. Nh4 Nb6 13. Nf5 g6 14. Nxe7+ Qxe7
15. Bg5 Rad8 16. a4 Qe5 17. Bxf6 Qxf6 18. a5 Nc4 19. Bxd5 Nxb2 20. Ne4 Qe5 21.
f4 Qg7 22. Bxb7 Nxd1 23. Rxd1 Rxd1+ 24. Qxd1 c4 25. Qd5 Qb2 26. Kf2 c3 27. Nf6+
Kh8 28. Qd6 Rg8 29. Qe5 Qxb7 30. Ne8+ f6 31. Qxf6+ Rg7 32. Qxc3 1-0

[Event "Reykjavik Open2015"]
[Site "Harpa"]
[Date "2015.03.11"]
[Round "2.4"]
[White "Melkumyan, Hrant"]
[Black "Rosner, Jonas"]
[Result "1/2-1/2"]
[ECO "D19"]
[WhiteElo "2676"]
[BlackElo "2324"]
[PlyCount "92"]
[EventDate "2015.??.??"]
[TimeControl "6000+1495"]
[WhiteClock "0:05:17"]
[BlackClock "0:14:54"]

1. d4 d5 2. c4 c6 3. Nf3 Nf6 4. Nc3 dxc4 5. a4 Bf5 6. e3 e6 7. Bxc4 Bb4 8. O-O
O-O 9. Qe2 Nbd7 10. Rd1 Bg4 11. e4 Bh5 12. Bf4 Qa5 13. Na2 Rac8 14. Nxb4 Qxb4
15. b3 Rfe8 16. h3 e5 17. Bh2 exd4 18. Rxd4 Qc3 19. Rad1 Nb6 20. g4 Bg6 21. Be5
Nxc4 22. bxc4 Qa5 23. Bxf6 gxf6 24. Nd2 Qxa4 25. f3 f5 26. Nf1 fxe4 27. f4 f6
28. Ne3 Qa3 29. Rd6 Kg7 30. h4 h6 31. h5 Bh7 32. Qf2 Rf8 33. Rd7+ Rf7 34. Rxf7+
Kxf7 35. Rd7+ Kg8 36. Qd2 Rf8 37. Rxb7 Qd3 38. Qxd3 exd3 39. Rxa7 Be4 40. Rd7
Ra8 41. g5 f5 42. Rd6 Ra1+ 43. Kf2 Ra2+ 44. Kf1 Ra1+ 45. Kf2 Ra2+ 46. Kf1 Ra1+
1/2-1/2

[Event "Reykjavik Open2015"]
[Site "Harpa"]
[Date "2015.03.11"]
[Round "2.5"]
[White "Bisby, Daniel L"]
[Black "Movsesian, Sergei"]
[Result "1-0"]
[ECO "B40"]
[WhiteElo "2321"]
[BlackElo "2665"]
[PlyCount "61"]
[EventDate "2015.??.??"]
[TimeControl "6000+645"]
[WhiteClock "0:12:27"]
[BlackClock "0:11:33"]

1. e4 c5 2. Nf3 e6 3. d3 d5 4. Qe2 Ne7 5. g3 b6 6. Bg2 Bb7 7. O-O Nbc6 8. e5 h6
9. h4 g6 10. c3 Bg7 11. Na3 Ba6 12. Re1 Qd7 13. Rb1 Nf5 14. g4 Nfe7 15. b4 Nd8
16. bxc5 bxc5 17. c4 h5 18. gxh5 Rxh5 19. Nb5 Nf5 20. d4 cxd4 21. cxd5 Kf8 22.
d6 Rb8 23. a4 Nxh4 24. Nxh4 Rxh4 25. Bg5 d3 26. Qxd3 Rxa4 27. Qh3 Kg8 28. Nc7
Rxb1 29. Rxb1 Bxe5 30. Nd5 Ra5 31. Bf6 1-0

[Event "Reykjavik Open2015"]
[Site "Harpa"]
[Date "2015.03.11"]
[Round "2.6"]
[White "Antal, Tibor Kende"]
[Black "Granda Zuniga, Julio E"]
[Result "1/2-1/2"]
[ECO "B40"]
[WhiteElo "2317"]
[BlackElo "2646"]
[PlyCount "201"]
[EventDate "2015.??.??"]
[TimeControl "6000+1980"]
[WhiteClock "0:02:05"]
[BlackClock "0:03:06"]

1. e4 c5 2. Nf3 e6 3. c3 Nf6 4. e5 Nd5 5. d4 cxd4 6. cxd4 Nc6 7. Bc4 d6 8. O-O
dxe5 9. dxe5 Nb6 10. Be2 Bd7 11. Nc3 Be7 12. Be3 O-O 13. Rc1 Qb8 14. Bxb6 axb6
15. Bd3 Rd8 16. Qe2 Nb4 17. Bb1 Bc6 18. a3 Bxf3 19. Qxf3 Nc6 20. Qe4 g6 21. f4
Rd2 22. Rc2 Qd8 23. Rxd2 Qxd2 24. Qe2 Qd4+ 25. Qf2 Bc5 26. Ne4 Qxf2+ 27. Nxf2
Rd8 28. b4 Be3 29. g3 Rd2 30. Kg2 Nd4 31. Be4 b5 32. Bxb7 Kf8 33. Be4 Ke7 34.
h3 h5 35. Bf3 Kd7 36. h4 Ra2 37. Be4 Ke7 38. Bb1 Rxa3 39. Rd1 Rb3 40. Nd3 Nf5
41. Bc2 Ra3 42. Ne1 Ra2 43. Kh3 Bg1 44. Rd2 Nd4 45. Rg2 Be3 46. Be4 Ra3 47. Kh2
Ra4 48. Nd3 Kf8 49. Rb2 Ra1 50. Kg2 Kg7 51. Nf2 Kf8 52. Nd3 Ke7 53. Kh2 Kd8 54.
Kg2 Kc7 55. Kh2 Kb6 56. Kg2 Rg1+ 57. Kh2 Rd1 58. Kh3 Nf5 59. Rc2 Ne7 60. Kg2
Ra1 61. Kf3 Bd4 62. Nc5 Ra3+ 63. Kg2 Bxc5 64. bxc5+ Kc7 65. Rb2 Re3 66. Ba8 Nf5
67. Rxb5 Rxg3+ 68. Kh2 Ra3 69. Be4 Ra7 70. Kh3 Ne7 71. Rb6 Nf5 72. Rb3 Nd4 73.
Rb4 Ne2 74. Bh1 Kc8 75. Bc6 Rc7 76. Be8 Nc3 77. c6 Ra7 78. Rb7 Rxb7 79. cxb7+
Kxb7 80. Bxf7 Ne2 81. Kg2 Nxf4+ 82. Kf3 Nd3 83. Ke4 Nf2+ 84. Ke3 Ng4+ 85. Kf4
Kc7 86. Bxe6 Nf2 87. Kg5 Kd8 88. Kxg6 Ke7 89. Bf5 Ng4 90. e6 Ne5+ 91. Kg5 Nf3+
92. Kxh5 Kf6 93. Bh3 Kg7 94. Bg2 Nd4 95. e7 Kf7 96. Bd5+ Kxe7 97. Kg5 Nf3+ 98.
Bxf3 Kf7 99. Kh6 Kg8 100. Bd5+ Kh8 101. Bf7 1/2-1/2

[Event "Reykjavik Open2015"]
[Site "Harpa"]
[Date "2015.03.11"]
[Round "2.9"]
[White "Gupta, Abhijeet"]
[Black "Hitzler, Philipp"]
[Result "1-0"]
[ECO "D15"]
[WhiteElo "2625"]
[BlackElo "2315"]
[PlyCount "41"]
[EventDate "2015.??.??"]
[TimeControl "6000+1325"]
[WhiteClock "0:48:16"]
[BlackClock "0:32:41"]

1. d4 d5 2. c4 c6 3. Nf3 Nf6 4. Nc3 a6 5. g3 b5 6. cxd5 cxd5 7. Bg2 Bb7 8. O-O
Nc6 9. Bg5 Ne4 10. Nxe4 dxe4 11. Nd2 Nxd4 12. Nxe4 Qb6 13. Rc1 Rd8 14. Bf4 Qe6
15. Nc5 Nxe2+ 16. Qxe2 Qxe2 17. Nxb7 e6 18. Bc6+ Ke7 19. Nxd8 Kxd8 20. Rfd1+
Ke7 21. Bg5+ 1-0

[Event "Reykjavik Open2015"]
[Site "Harpa"]
[Date "2015.03.11"]
[Round "2.10"]
[White "Haldorsen, Benjamin"]
[Black "L'ami, Erwin"]
[Result "0-1"]
[ECO "C15"]
[WhiteElo "2307"]
[BlackElo "2605"]
[PlyCount "114"]
[EventDate "2015.??.??"]
[TimeControl "6000+12930"]
[WhiteClock "0:01:00"]
[BlackClock "0:19:22"]

1. e4 e6 2. d4 d5 3. Nc3 Bb4 4. Nge2 dxe4 5. a3 Bxc3+ 6. Nxc3 Nc6 7. Bb5 Nge7
8. Be3 O-O 9. Qd2 a6 10. Bxc6 Nxc6 11. Nxe4 b6 12. O-O-O Bb7 13. f3 Qe7 14. Kb1
Rad8 15. Qc3 Rd7 16. h4 f6 17. h5 h6 18. Rhe1 Rfd8 19. Nf2 Qf7 20. f4 Qxh5 21.
g4 Qa5 22. Qb3 Qd5 23. c4 Qf3 24. Qc3 Ne7 25. Rc1 b5 26. Ka1 bxc4 27. Qxc4 Bd5
28. Qxa6 h5 29. gxh5 Nf5 30. Qe2 Qxe2 31. Rxe2 Kf7 32. Nd3 Rh8 33. Nc5 Rd6 34.
Nd3 c6 35. Nb4 Bf3 36. Rf2 Be4 37. Re2 Rxh5 38. d5 cxd5 39. Rc7+ Kg6 40. Bc5
Rd8 41. Nc6 Ra8 42. Re1 Rh4 43. Rg1+ Kh5 44. Ba7 Rxf4 45. b4 d4 46. b5 Bxc6 47.
bxc6 d3 48. Rd7 Rc4 49. c7 Rxa7 50. c8=Q Rxa3+ 51. Kb2 Rxc8 52. Kxa3 g5 53. Kb3
g4 54. Rxd3 e5 55. Rdd1 Kg5 56. Kb2 Nd4 57. Rg3 Rb8+ 0-1

[Event "Reykjavik Open2015"]
[Site "Harpa"]
[Date "2015.03.11"]
[Round "2.12"]
[White "Grandelius, Nils"]
[Black "Mihajlov, Sebastian"]
[Result "1-0"]
[ECO "D45"]
[WhiteElo "2603"]
[BlackElo "2308"]
[PlyCount "59"]
[EventDate "2015.??.??"]
[TimeControl "6000+1190"]
[WhiteClock "0:30:56"]
[BlackClock "0:10:41"]

1. d4 d5 2. c4 c6 3. Nc3 Nf6 4. e3 e6 5. Nf3 Nbd7 6. Qc2 Bd6 7. b3 O-O 8. Bb2
Qe7 9. Be2 Re8 10. O-O b6 11. Rad1 Bb7 12. Rfe1 Rad8 13. Bf1 dxc4 14. bxc4 e5
15. g3 exd4 16. exd4 Qf8 17. Bg2 Rxe1+ 18. Rxe1 Re8 19. Rd1 Re7 20. Ng5 h6 21.
Nge4 Bb4 22. d5 cxd5 23. Nxd5 Nxd5 24. cxd5 f5 25. Nc3 Nc5 26. d6 Rf7 27. Nd5
Ba5 28. Ne7+ Kh7 29. Bxb7 Nxb7 30. Nxf5 1-0

[Event "Reykjavik Open2015"]
[Site "Harpa"]
[Date "2015.03.11"]
[Round "2.13"]
[White "Maisuradze, Nino"]
[Black "Fier, Alexandr"]
[Result "0-1"]
[ECO "D48"]
[WhiteElo "2302"]
[BlackElo "2601"]
[PlyCount "74"]
[EventDate "2015.??.??"]
[TimeControl "6000+1850"]
[WhiteClock "0:00:38"]
[BlackClock "0:56:48"]

1. d4 d5 2. c4 e6 3. Nc3 c6 4. e3 Nf6 5. Nf3 Nbd7 6. Bd3 dxc4 7. Bxc4 b5 8. Bd3
a6 9. e4 c5 10. e5 cxd4 11. Ne4 Ng4 12. Bf4 Bb4+ 13. Kf1 f5 14. h3 fxe4 15.
Bxe4 Nxf2 16. Kxf2 Ra7 17. Kg3 Nc5 18. Bc6+ Bd7 19. Nxd4 O-O 20. Rf1 Qe8 21. a3
Bxc6 22. Nxc6 Qxc6 23. axb4 Ne4+ 24. Kh2 Raf7 25. Rc1 Qb7 26. Qg4 Rf5 27. Rf3
h5 28. Qg6 Rxf4 29. Rxf4 Rxf4 30. Qxe6+ Kh7 31. Rc6 Qf7 32. Qxf7 Rxf7 33. Rxa6
h4 34. e6 Rf1 35. g4 hxg3+ 36. Kg2 Rf2+ 37. Kh1 Ng5 0-1

[Event "Reykjavik Open2015"]
[Site "Harpa"]
[Date "2015.03.11"]
[Round "2.14"]
[White "Cornette, Matthieu"]
[Black "Mamedjarova, Zeinab"]
[Result "1/2-1/2"]
[ECO "C41"]
[WhiteElo "2585"]
[BlackElo "2303"]
[PlyCount "174"]
[EventDate "2015.??.??"]
[TimeControl "6000+2785"]
[WhiteClock "0:05:27"]
[BlackClock "0:03:51"]

1. e4 e5 2. Nf3 d6 3. d4 exd4 4. Nxd4 Nf6 5. Nc3 Be7 6. Bf4 O-O 7. Be2 Re8 8.
Qd2 Bf8 9. f3 Nbd7 10. O-O-O Nc5 11. h3 a6 12. g4 Ne6 13. Bh2 b5 14. g5 b4 15.
Na4 Nxd4 16. Qxd4 Nd7 17. h4 Bb7 18. Qxb4 Rb8 19. Qa5 g6 20. Bc4 Bg7 21. Bb3
Ne5 22. Rhf1 Nc6 23. Qd2 Nd4 24. Bg1 c5 25. Bxd4 cxd4 26. c3 d5 27. cxd4 dxe4
28. fxe4 Rxe4 29. d5 Qd6 30. Kb1 Bc8 31. Nc3 Rxh4 32. Qe1 Rh2 33. Qe8+ Qf8 34.
Qxf8+ Kxf8 35. d6 Bf5+ 36. Rxf5 gxf5 37. Rf1 Bxc3 38. bxc3 Rd2 39. Rxf5 Rb7 40.
Rf6 Rd7 41. Be6 Rb7+ 42. Bb3 Rd5 43. c4 Rxg5 44. Rf2 h5 45. Rc2 Rc5 46. Rd2 Rb8
47. Rd4 Rd8 48. Ba4 h4 49. d7 h3 50. Rh4 Ke7 51. Kb2 h2 52. Kc3 Rg5 53. Rxh2
Rg3+ 54. Kb4 Kd6 55. Rh6+ Rg6 56. Rh5 Kc7 57. Rc5+ Kb7 58. Rf5 Rb6+ 59. Kc3 f6
60. c5 Re6 61. Kd4 Kc7 62. a3 Rh8 63. Rf4 Rh2 64. Kc4 Rd2 65. Kb4 Rd3 66. Rh4
Re5 67. Rh8 Re4+ 68. Ka5 Rxa4+ 69. Kxa4 Rxd7 70. Rf8 Rd4+ 71. Ka5 Kc6 72. Rxf6+
Kxc5 73. Rxa6 Rd3 74. a4 Rb3 75. Rh6 Rb1 76. Ka6 Rb2 77. a5 Rb1 78. Ka7 Rg1 79.
Rh7 Kc6 80. a6 Ra1 81. Rh2 Rb1 82. Rc2+ Kd7 83. Ka8 Kd8 84. a7 Kd7 85. Rh2 Kc7
86. Rc2+ Kd7 87. Rc7+ Kxc7 1/2-1/2

[Event "Reykjavik Open2015"]
[Site "Harpa"]
[Date "2015.03.11"]
[Round "2.16"]
[White "Hansen, Eric"]
[Black "Tjomsland, Stig"]
[Result "1-0"]
[ECO "C65"]
[WhiteElo "2566"]
[BlackElo "2300"]
[PlyCount "57"]
[EventDate "2015.??.??"]
[TimeControl "6000+700"]
[WhiteClock "0:32:59"]
[BlackClock "0:24:56"]

1. e4 e5 2. Nf3 Nc6 3. Bb5 Nf6 4. d3 Bc5 5. Nbd2 d6 6. O-O O-O 7. c3 Bg4 8. Re1
Ne7 9. h3 Bh5 10. Nf1 c6 11. Ba4 Bb6 12. Bg5 Nd7 13. Ng3 Bxf3 14. Qxf3 Nc5 15.
Bc2 Ne6 16. Bd2 Qd7 17. Nf5 Rad8 18. a4 a6 19. Rad1 Kh8 20. Bc1 g6 21. d4 gxf5
22. exf5 Nxd4 23. cxd4 Bxd4 24. f6 Ng6 25. Qh5 d5 26. Rxd4 exd4 27. Re7 Rg8 28.
Rxd7 Rxd7 29. Bxg6 1-0

[Event "Reykjavik Open2015"]
[Site "Harpa"]
[Date "2015.03.11"]
[Round "2.17"]
[White "Foisor, Sabina-Francesca"]
[Black "Maze, Sebastien"]
[Result "0-1"]
[ECO "E91"]
[WhiteElo "2279"]
[BlackElo "2564"]
[PlyCount "64"]
[EventDate "2015.??.??"]
[TimeControl "6000+1065"]
[WhiteClock "0:00:56"]
[BlackClock "0:22:42"]

1. d4 Nf6 2. c4 g6 3. Nc3 Bg7 4. e4 d6 5. Nf3 O-O 6. Be2 Nbd7 7. Bg5 e5 8. d5
a5 9. Nd2 Nc5 10. h3 Bd7 11. Qc2 c6 12. g4 a4 13. Rb1 cxd5 14. exd5 h6 15. Be3
Ne8 16. h4 f5 17. g5 h5 18. f3 Nc7 19. b4 axb3 20. axb3 e4 21. O-O Qe7 22. f4
Ra3 23. Qc1 Rfa8 24. Nd1 b5 25. cxb5 Nxb5 26. Nc4 Ra2 27. Re1 Nd4 28. Bxd4
Bxd4+ 29. Nde3 Nd3 30. Qd1 Nxe1 31. Qxe1 Bb5 32. Bf1 Bxc4 0-1

[Event "Reykjavik Open2015"]
[Site "Harpa"]
[Date "2015.03.11"]
[Round "2.18"]
[White "Wege, Jochen"]
[Black "Gretarsson, Hjorvar Steinn"]
[Result "0-1"]
[ECO "C36"]
[WhiteElo "2277"]
[BlackElo "2554"]
[PlyCount "66"]
[EventDate "2015.??.??"]
[TimeControl "6000+1005"]
[WhiteClock "0:24:32"]
[BlackClock "0:08:55"]

1. e4 e5 2. f4 exf4 3. Nf3 d5 4. exd5 Nf6 5. Bb5+ Bd7 6. Bc4 Bg4 7. Nc3 Bd6 8.
Qe2+ Qe7 9. Qxe7+ Kxe7 10. O-O Nbd7 11. d4 Rhe8 12. Bb3 a6 13. h3 Bxf3 14. Rxf3
g5 15. g3 Nh5 16. Ne4 Rg8 17. g4 Nhf6 18. Nxd6 cxd6 19. Bd2 Rge8 20. c4 b5 21.
Rc1 bxc4 22. Rxc4 Nxd5 23. Rc6 N7f6 24. Bc4 Rec8 25. Rxa6 Rxa6 26. Bxa6 Rc2 27.
Bc3 Nxc3 28. Rxc3 Rxb2 29. Rc7+ Ke6 30. Bd3 Kd5 31. Rxf7 Kxd4 32. Rxf6 Kxd3 33.
Rxd6+ Ke3 0-1

[Event "Reykjavik Open2015"]
[Site "Harpa"]
[Date "2015.03.11"]
[Round "2.19"]
[White "Le Roux, Jean-Pierre"]
[Black "Wahedi, Ahmad Siar"]
[Result "1/2-1/2"]
[ECO "D70"]
[WhiteElo "2548"]
[BlackElo "2287"]
[PlyCount "110"]
[EventDate "2015.??.??"]
[TimeControl "6000+14565"]
[WhiteClock "0:02:51"]
[BlackClock "0:38:50"]

1. d4 d5 2. Nf3 Nf6 3. c4 c6 4. Nbd2 Bf5 5. Nh4 Be6 6. e3 g6 7. Be2 Bg7 8. O-O
O-O 9. Nhf3 h6 10. b3 c5 11. Bb2 Nbd7 12. dxc5 Nxc5 13. b4 Na6 14. a3 dxc4 15.
Nxc4 Rc8 16. Rc1 Nb8 17. Nd4 Bd5 18. Nb5 Nc6 19. Nbd6 Bxc4 20. Nxc4 b5 21. Nd2
Qb6 22. Rc5 a6 23. Qa1 Rcd8 24. Nb3 Rd6 25. Bf3 Rfd8 26. Qc1 Nb8 27. Be5 Ne8
28. Bxd6 Nxd6 29. Na5 Bf6 30. Rd1 Kg7 31. g3 h5 32. h4 Nd7 33. Rc6 Qb8 34. Rxa6
Ne5 35. Bg2 Rc8 36. Qb1 Rc3 37. Rc1 Qc8 38. Rxc3 Qxc3 39. Nb3 Ndc4 40. Nd4 Nxe3
41. Nxb5 Qd2 42. Rxf6 exf6 43. fxe3 Ng4 44. Kh1 Qxe3 45. Nd4 Qxd4 46. Qe1 f5
47. Bf3 Ne5 48. Kg2 Nd3 49. Qe2 f4 50. Be4 Nc1 51. Qf3 fxg3 52. Kxg3 Qg1+ 53.
Kh3 Qe1 54. Bd5 f6 55. Qg3 Qf1+ 1/2-1/2

[Event "Reykjavik Open2015"]
[Site "Harpa"]
[Date "2015.03.11"]
[Round "2.20"]
[White "Karason, Askell O"]
[Black "Stopa, Jacek"]
[Result "0-1"]
[ECO "A04"]
[WhiteElo "2274"]
[BlackElo "2544"]
[PlyCount "60"]
[EventDate "2015.??.??"]
[TimeControl "6000+830"]
[WhiteClock "0:29:49"]
[BlackClock "0:49:06"]

1. Nf3 d6 2. d4 f5 3. g3 g6 4. Bg2 Bg7 5. O-O Nf6 6. c3 O-O 7. Qb3+ e6 8. Ng5
d5 9. c4 Nc6 10. cxd5 Nxd4 11. Qc4 Nxd5 12. Nc3 Nb6 13. Qc5 Qd6 14. Qxd6 cxd6
15. e3 Nc2 16. Rb1 h6 17. Nh3 g5 18. Nb5 d5 19. Bd2 Nc4 20. Bc3 Bd7 21. Nc7
Rac8 22. Nxd5 exd5 23. Bxd5+ Kh7 24. Bxg7 Kxg7 25. Rbc1 Nxb2 26. Rb1 Nb4 27.
Bxb7 Rc2 28. Rfc1 Rxc1+ 29. Rxc1 f4 30. a3 Bxh3 0-1

[Event "Reykjavik Open2015"]
[Site "Harpa"]
[Date "2015.03.11"]
[Round "2.21"]
[White "Brunello, Sabino"]
[Black "Wahlbom, Magnus"]
[Result "1-0"]
[ECO "D97"]
[WhiteElo "2540"]
[BlackElo "2278"]
[PlyCount "95"]
[EventDate "2015.??.??"]
[TimeControl "6000+1055"]
[WhiteClock "0:34:36"]
[BlackClock "0:27:30"]

1. d4 Nf6 2. c4 g6 3. Nc3 d5 4. Nf3 Bg7 5. Qb3 dxc4 6. Qxc4 O-O 7. e4 a6 8. Be2
b5 9. Qb3 Bb7 10. e5 Nd5 11. O-O Nxc3 12. Qxc3 Nc6 13. Rd1 f6 14. Qb3+ Kh8 15.
a4 b4 16. Be3 Rb8 17. a5 fxe5 18. dxe5 Qe8 19. e6 Rf5 20. Ng5 Nd4 21. Nf7+ Rxf7
22. Rxd4 Qc6 23. Bf1 Bxd4 24. Bxd4+ Rf6 25. Bxf6+ exf6 26. Re1 Re8 27. Qxb4 Bc8
28. Qf4 Kg7 29. Rc1 Qxe6 30. Qxc7+ Kh6 31. h4 Bd7 32. Rd1 Bc8 33. Qf4+ Kg7 34.
Rd6 Qe5 35. Qxe5 Rxe5 36. Bxa6 Bxa6 37. Rxa6 Rb5 38. Ra7+ Kh6 39. a6 Rxb2 40.
Rf7 f5 41. a7 Ra2 42. Kf1 g5 43. hxg5+ Kg6 44. Rc7 Kxg5 45. Rxh7 Kf4 46. Re7
Kg5 47. Ke1 Kf6 48. Rh7 1-0